[Event "Sabato rapido!"]
[Site "Chess.com"]
[Date "2020.05.02"]
[Round "1"]
[White "crippo"]
[Black "moha1812med"]
[Result "1-0"]
[WhiteElo "1498"]
[BlackElo "1015"]
[TimeControl "720+3"]
[EndTime "6:05:47 PDT"]
[Termination "crippo ha vinto per scaccomatto"]

1. e4 e5 2. Nf3 Nc6 3. Bc4 Nf6 4.
d3 Bc5 5. Nc3 O-O 6. Bg5 h6 7.
Bh4 d6 8. Nd5 g5 9. Bg3 a6 10. Qd2 Nxd5 11. Bxd5 g4 12. Qxh6 gxf3 13. gxf3 Ne7 14. Bh4 c6 15. Rg1+ Ng6 16. Rxg6# 1-0

[Event "Sabato rapido!"]
[Site "Chess.com"]
[Date "2020.05.02"]
[Round "1"]
[White "sirmale49"]
[Black "Ollarov"]
[Result "0-1"]
[WhiteElo "1389"]
[BlackElo "1974"]
[TimeControl "720+3"]
[EndTime "6:11:05 PDT"]
[Termination "Ollarov ha vinto per scaccomatto"]

1. e4 c5 2. f4 d5 3. e5 Nc6 4. Nf3 Bg4 5. Bb5 e6 6. O-O Nh6 7. h3 Bf5 8. g4 Nxg4 9. Ng5 Nh6 10. Qh5 Be7 11. h4 O-O 12. d3 Qb6 13. Nc3 a6 14. Bxc6 bxc6 15. Re1 c4+ 16. Be3 d4 17. Nce4 dxe3 18.
Nf6+ Bxf6 19. exf6 e2+ 20. Kh1 Qf2 21. fxg7 Kxg7 22. Rg1 Bg6 23. Ne4 Qe3 24. Qe5+ f6 25. Qc7+ Rf7 26. Qxc6 Qh3# 0-1

[Event "Sabato rapido!"]
[Site "Chess.com"]
[Date "2020.05.02"]
[Round "1"]
[White "fisherpez"]
[Black "caramante"]
[Result "1-0"]
[WhiteElo "1593"]
[BlackElo "1493"]
[TimeControl "720+3"]
[EndTime "6:11:44 PDT"]
[Termination "fisherpez ha vinto per scaccomatto"]

1. e3 c5 2. b3 d6 3. Bb5+ Bd7 4. Qe2 e6 5. Bb2 Nf6 6. Nf3 Be7 7. Bxd7+ Nbxd7 8. Nc3 a6 9. O-O Qc7 10. h3 O-O 11. Nh2 Rad8 12. Rae1 Rfe8 13. a3 b5 14. Nd1 Nb6 15. Ng4 e5 16. d3 Nxg4 17. Qxg4 Bf6 18. f4 Re7 19. Nf2 d5 20. Nh1 d4 21. e4 exf4 22. Rxf4 Be5 23. Rf3 Rf8 24. Bc1 f5 25.
Qg5 fxe4 26. Rxf8+ Kxf8 27. Rxe4 Bf6 28. Qf5 Kg8 29.
Bf4 Qd7 30. Qxd7 Rxd7 31. Re8+ Kf7 32. Rb8 Nd5 33. Bd2 Ne3 34. Bxe3 dxe3 35. Ng3 Bd4 36. Kf1 Kg6 37. Rb6+ Kg5 38. Ne4+ Kh4 39. Ke2 Rf7 40. Rxa6 g5 41. Rh6# 1-0

[Event "Sabato rapido!"]
[Site "Chess.com"]
[Date "2020.05.02"]
[Round "1"]
[White "SanSecondoPR"]
[Black "donaldnecesito"]
[Result "1-0"]
[WhiteElo "1296"]
[BlackElo "1595"]
[TimeControl "720+3"]
[EndTime "6:16:28 PDT"]
[Termination "SanSecondoPR ha vinto per abbandono"]

1. e4 c5 2. d4 cxd4 3. Nf3 e6 4. Nxd4 Bc5 5. Nc3 Nc6 6. Nb3 Bb6 7. Bd3 d6 8. O-O Nf6 9. Kh1 O-O 10. Na4 Bc7 11. Qe1 e5 12. Bg5 h6 13. Bh4 Be6 14. Nc3 Qe7 15.
a3 g5 16. Bg3 Nh5 17. f3 Nf4 18. Nd5 Bxd5 19. exd5 Nd8 20. Be4 f5 21. Bxf4 gxf4 22. Bd3 Qg5 23. Nd2 Bb6 24. Nc4 Bc7 25. Qb4 Qg6 26. g4 e4 27. gxf5 Qxf5 28. Bxe4 Qd7 29. Rg1+ Kf7 30. Qc3 Ke8 31. Bg6+ Nf7 32. Qg7 Bd8 33.
Rae1+ Be7 34. Re6 Kd8 35. Bxf7 Kc7 36. Rge1 b5 37. Rxe7 1-0

[Event "Sabato rapido!"]
[Site "Chess.com"]
[Date "2020.05.02"]
[Round "1"]
[White "ottovolante"]
[Black "sergiodone"]
[Result "0-1"]
[WhiteElo "1016"]
[BlackElo "1490"]
[TimeControl "720+3"]
[EndTime "6:17:27 PDT"]
[Termination "sergiodone ha vinto per scaccomatto"]

1. Nf3 c5 2. e4 d6 3. Bb5+ Bd7 4. Bxd7+ Nxd7 5. c3 Ngf6 6. Qb3 Qc7 7. d3 g6 8.
Ng5 e6 9. O-O Be7 10. Be3 a6 11. Nd2 b5 12. Qc2 h5 13. Nh3 Ng4 14. Nf3 Nxe3 15.
fxe3 O-O 16. Qe2 Nf6 17. Nhg5 Rad8 18. Rad1 Kg7 19. g3 Qb6 20. d4 c4 21. e5 dxe5 22. Nxe5 Ng4 23. Nxg4 Bxg5 24. Ne5 Bf6 25. h4 Bxe5 26.
dxe5 Qc5 27. Rf4 Qxe5 28. Rxd8 Rxd8 29. Qf2 f5 30. e4 Rd3 31. exf5 exf5 32. Qa7+ Kh6 33.
Qf7 Qe1+ 34. Rf1 Qxg3+ 35. Kh1 Qh3+ 36. Kg1 Qg3+ 37. Kh1 Qxh4+ 38. Kg1 Qg4+ 39. Kf2 Qg3+ 40. Ke2 Qe3# 0-1

[Event "Sabato rapido!"]
[Site "Chess.com"]
[Date "2020.05.02"]
[Round "1"]
[White "pedrak"]
[Black "Piccolorso"]
[Result "1-0"]
[WhiteElo "1622"]
[BlackElo "1228"]
[TimeControl "720+3"]
[EndTime "6:17:57 PDT"]
[Termination "pedrak ha vinto per abbandono"]

1. Nf3 Nf6 2. g3 d5 3. Bg2 c6 4. O-O Bf5 5. d3 h6 6. Re1 e6 7.
Nbd2 Bc5 8. h3 Qb6 9. e3 Nbd7 10.
a3 O-O 11. b4 Bd6 12. Bb2 e5 13. e4 Bh7 14. exd5 Nxd5 15. Nxe5 Nxe5 16. Bxe5 Qc7 17. Bxd6 Qxd6 18. Nc4 Qc7 19. Ne3 Nxe3 20. Rxe3 Rae8 21. Qd2 Re7 22. Rae1 Rfe8 23. c4 Qd7 24. d4 Bf5 25. Kh2 Rxe3 26. Rxe3 Rxe3 27. Qxe3 Be6 28. Bf1 a6 29. f4 f5 30. Be2 Qf7 31. Qc3 g6 32. a4 b5 33. axb5 axb5 34. cxb5 cxb5 35. Bxb5 g5 36. Bc6 gxf4 37. gxf4 h5 38. b5 Bd5 39. b6 Qg7 1-0

[Event "Sabato rapido!"]
[Site "Chess.com"]
[Date "2020.05.02"]
[Round "1"]
[White "laremaro"]
[Black "bellapero"]
[Result "1-0"]
[WhiteElo "1751"]
[BlackElo "1343"]
[TimeControl "720+3"]
[EndTime "6:23:21 PDT"]
[Termination "laremaro ha vinto per tempo"]

1. e4 c5 2. d4 cxd4 3. c3 dxc3 4.
Nxc3 Nc6 5. Bc4 e6 6. Nf3 Nf6 7. O-O g6 8. Qe2 Bg7 9. Rd1 O-O 10. Bg5 h6 11. Bh4 Qb6 12. a3 Re8 13. Bg3 Nh5 14. Bd6 Nd4 15. Nxd4 Qxd6 16. Nf5 Qe5 17. Nxg7 Kxg7 18. g3 Nf6 19. Rac1 b6 20. b4 g5 21. Qe3 Ng4 22. Qd4 Qxd4 23. Rxd4 Ne5 24. Be2 Bb7 25. Nb5 Ba6 26. Kf1 Rac8 27. Rcd1 Rc2 28.
R1d2 Rec8 29. Nd6 Rxd2 30. Rxd2 Bxe2+ 31. Kxe2 Rc1 32. f4 gxf4 33. gxf4 Ng6 34. f5 exf5 35. Nxf5+ Kf6 36. Rxd7 Rc2+ 37. Rd2 1-0

[Event "Sabato rapido!"]
[Site "Chess.com"]
[Date "2020.05.02"]
[Round "2"]
[White "Ollarov"]
[Black "crippo"]
[Result "1-0"]
[WhiteElo "1980"]
[BlackElo "1495"]
[TimeControl "720+3"]
[EndTime "6:25:10 PDT"]
[Termination "Ollarov ha vinto per abbandono"]

1. e4 e5 2. Nf3 Nc6 3. Bb5 d6 4. d4 Bg4 5. dxe5 Bxf3 6. Qxf3 dxe5 7. O-O Nf6 8. Nc3 Bd6 9. Bg5 O-O 10. Nd5 Nd4 11. Qd3 c6 12. Nxf6+ gxf6 13. Bh6 cxb5 14.
Qg3+ 1-0

[Event "Sabato rapido!"]
[Site "Chess.com"]
[Date "2020.05.02"]
[Round "2"]
[White "SanSecondoPR"]
[Black "pedrak"]
[Result "0-1"]
[WhiteElo "1290"]
[BlackElo "1628"]
[TimeControl "720+3"]
[EndTime "6:29:11 PDT"]
[Termination "pedrak ha vinto per abbandono"]

1. e4 d6 2. d4 Nf6 3. Nc3 g6 4. Bg5 Bg7 5. Qd2 h6 6. Bh4 O-O 7. O-O-O c6 8. Kb1 b5 9. f3 a5 10. g4 Nfd7 11. Nge2 b4 12. Na4 Nb6 13. b3 Nxa4 14.
bxa4 Qc7 15. Nc1 Re8 16. Nb3 Nd7 17. Bg3 Qb6 18. h4 Bb7 0-1

[Event "Sabato rapido!"]
[Site "Chess.com"]
[Date "2020.05.02"]
[Round "2"]
[White "donaldnecesito"]
[Black "bellapero"]
[Result "1-0"]
[WhiteElo "1606"]
[BlackElo "1326"]
[TimeControl "720+3"]
[EndTime "6:31:36 PDT"]
[Termination "donaldnecesito ha vinto per abbandono"]

1. e4 c5 2. Nf3 Nc6 3. d4 cxd4 4. Nxd4 Nf6 5. Nc3 g6 6. Be3 Bg7 7. Be2 O-O 8. Qd2 d5 9. exd5 Nxd5 10. Nxc6 Bxc3 11. bxc3 bxc6 12. Bh6 Re8 13. Rd1 Qa5 14. c4 Nc3 15. O-O Nxd1 16. Qxa5 1-0

[Event "Sabato rapido!"]
[Site "Chess.com"]
[Date "2020.05.02"]
[Round "2"]
[White "fausto2p"]
[Black "fisherpez"]
[Result "0-1"]
[WhiteElo "1002"]
[BlackElo "1609"]
[TimeControl "720+3"]
[EndTime "6:35:21 PDT"]
[Termination "fisherpez ha vinto per scaccomatto"]

1. d4 e6 2. Nf3 b6 3. c4 Bb4+ 4. Bd2 Qe7 5. a3 Bxd2+ 6. Nbxd2 Bb7 7. e4 Nf6 8. Bd3 h6 9. O-O O-O 10. Qc2 d6 11. b4 Nbd7 12. Rfe1 e5 13. dxe5 Nxe5 14.
Nxe5 Qxe5 15. Nf3 Qh5 16. Be2 Bxe4 17. Qd1 Qg6 18. Rc1 Rae8 19. Nd2 Qxg2# 0-1

[Event "Sabato rapido!"]
[Site "Chess.com"]
[Date "2020.05.02"]
[Round "2"]
[White "caramante"]
[Black "Piccolorso"]
[Result "1-0"]
[WhiteElo "1503"]
[BlackElo "1210"]
[TimeControl "720+3"]
[EndTime "6:44:40 PDT"]
[Termination "caramante ha vinto per scaccomatto"]

1. Nf3 Nf6 2. d4 e6 3. c3 b6 4. Bg5 Bb7 5. Nbd2 Be7 6. g3 d6 7. Bg2 Nbd7 8. O-O O-O 9. Qc2 Ne8 10. Bxe7 Qxe7 11. e4 c5 12. Rfe1 cxd4 13. Nxd4 e5 14. Nf5 Qg5 15. Nf3 Qd8 16. Rad1 Ndf6 17. Nxe5 Qc7 18.
Nd3 g6 19. Nd4 Ng4 20. Qe2 Ne5 21. Nxe5 dxe5 22. Nf3 Rd8 23. h4 Nf6 24. Rxd8 Rxd8 25. Ng5 h6 26. Nh3 Kg7 27. Kh2 Rd6 28. f4 Re6 29. f5 Rd6 30. g4 Qd7 31. g5 hxg5 32.
hxg5 Nh5 33. f6+ Kf8 34. Qc4 b5 35. Qb4 Ke8 36. Re2 a6 37. Bf3 Rd2 38. Ng1 Nf4 39. Bg4 Rxe2+ 40. Nxe2 Qxg4 41. Qe7# 1-0

[Event "Sabato rapido!"]
[Site "Chess.com"]
[Date "2020.05.02"]
[Round "2"]
[White "ottovolante"]
[Black "sirmale49"]
[Result "0-1"]
[WhiteElo "1014"]
[BlackElo "1391"]
[TimeControl "720+3"]
[EndTime "6:45:51 PDT"]
[Termination "sirmale49 ha vinto per abbandono"]

1. e4 e5 2. Nf3 d6 3. Nc3 Nc6 4. Bb5 Bd7 5. Bxc6 Bxc6 6. d4 Qe7 7.
d5 Bd7 8. Bg5 f6 9. Be3 Bg4 10.
O-O Nh6 11. Bxh6 gxh6 12. h3 Bh5 13. Ne2 Bg6 14. Qd3 Rg8 15. Ng3 Qd7 16. a4 Be7 17. b4 Kf7 18. c4 Raf8 19. b5 b6 20. Qe3 f5 21. exf5 Bxf5 22. Rae1 Rg6 23. Nxf5 Qxf5 24. g4 Qf6 25. Nh2 h5 26. f3 Ke8 27. Kh1 Qh4 28.
Re2 Bg5 29. Qe4 Bf4 30. Rg1 Qxh3 31. Rgg2 hxg4 32. fxg4 Bxh2 33. Re1 Bf4+ 34. Kg1 Rxg4 35. Rxg4 Qxg4+ 36. Kf1 Qh3+ 37. Ke2 Qh5+ 38. Kd3 Qh3+ 39. Kc2 Qa3 40. Qxh7 Qxa4+ 41. Kd3 Qb3+ 42. Ke4 Qxc4+ 43.
Kf3 Bd2+ 44. Kg2 Qg4+ 45. Kh1 Qf3+ 46. Kh2 Bf4+ 47. Kg1 Qg3+ 48. Kf1 Bd2+ 49. Ke2 Qe3+ 50. Kd1 Qxe1+ 51. Kc2 Qc1+ 52. Kd3 Rf3+ 53. Ke4 Qc2+ 54. Kxf3 Qxh7 0-1

[Event "Sabato rapido!"]
[Site "Chess.com"]
[Date "2020.05.02"]
[Round "2"]
[White "sergiodone"]
[Black "laremaro"]
[Result "0-1"]
[WhiteElo "1487"]
[BlackElo "1771"]
[TimeControl "720+3"]
[EndTime "6:48:53 PDT"]
[Termination "laremaro ha vinto per tempo"]

1. e4 d5 2. exd5 Qxd5 3. c4 Qd8 4. d4 Nf6 5. Nc3 e6 6. h3 Be7 7. Nf3 O-O 8. Bd3 b6 9. O-O Bb7 10. Qe2 Re8 11. Be3 a6 12. Rfd1 Nbd7 13. Rac1 Qc8 14.
Bb1 c5 15. d5 exd5 16. cxd5 Bd6 17. Qd3 Nf8 18. Bg5 N8d7 19. Nh4 g6 20. Qf3 Nh5 21. Ne4 Ne5 22. Nf6+ Nxf6 23. Qxf6 Qd8 24. f4 Qxf6 25. Bxf6 Nd7 26. Bg5 Kg7 27. f5 h6 28.
f6+ Nxf6 29. Bxf6+ Kxf6 30. Rf1+ Kg7 31. Rcd1 f5 32. Nf3 Re3 33. Rfe1 Rae8 34. Rxe3 Rxe3 35. Kf2 Re7 36. g3 Kf6 37. b3 a5 38. Bd3 Bxd5 39. Bc4 Bxc4 40. Rxd6+ Re6 41. Rxe6+ Bxe6 42. Nd2 Ke5 43. Ke3 b5 44. h4 g5 45. hxg5 hxg5 46.
Nf3+ Kf6 47. Nd2 Bd5 48. a3 Ke5 49. b4 axb4 50. axb4 cxb4 51. Nf3+ Bxf3 0-1

[Event "Sabato rapido!"]
[Site "Chess.com"]
[Date "2020.05.02"]
[Round "3"]
[White "crippo"]
[Black "fausto2p"]
[Result "1-0"]
[WhiteElo "1498"]
[BlackElo "998"]
[TimeControl "720+3"]
[EndTime "6:58:20 PDT"]
[Termination "crippo ha vinto per abbandono"]

1. e4 e6 2. Nf3 d5 3. exd5 exd5 4. d4 Nf6 5. Nc3 c6 6. Bg5 h6 7. Bh4 Be7 8. Bd3 O-O 9. O-O Bg4 10. Re1 Nbd7 11. h3 Bxf3 12. Qxf3 Re8 13. Qf5 g6 14. Qf3 c5 15. dxc5 Nxc5 16. Rxe7 Qxe7 17. Bxf6 Qe6 18. Nxd5 Nxd3 19. cxd3 Qd6 20. Bc3 Re6 21. Nf6+ Kh8 22.
Ne4+ 1-0

[Event "Sabato rapido!"]
[Site "Chess.com"]
[Date "2020.05.02"]
[Round "3"]
[White "Piccolorso"]
[Black "ottovolante"]
[Result "1-0"]
[WhiteElo "1232"]
[BlackElo "1010"]
[TimeControl "720+3"]
[EndTime "6:59:27 PDT"]
[Termination "Piccolorso ha vinto per scaccomatto"]

1. e4 e6 2. d4 d5 3. e5 Nc6 4.
Nf3 h6 5. b3 Bb4+ 6. c3 Be7 7.
c4 a6 8. cxd5 Qxd5 9. Bc4 Qe4+ 10.
Be3 Bb4+ 11. Nbd2 Bxd2+ 12. Qxd2 Nge7 13. O-O Nd5 14. Bd3 Qg4 15. h3 Qh5 16. Kh2 Nxe3 17. Qxe3 g5 18. g4 Qg6 19. Bxg6 fxg6 20. Qe4 Ne7 21.
Rac1 c6 22. Nd2 Rg8 23. Nc4 Rb8 24. Nd6+ Kd7 25. f4 gxf4 26. Rxf4 g5 27. Rf7 b5 28.
Qh7 Bb7 29. Rxe7+ Kd8 30. Nxb7+ Kc8 31. Rc7# 1-0

[Event "Sabato rapido!"]
[Site "Chess.com"]
[Date "2020.05.02"]
[Round "3"]
[White "laremaro"]
[Black "fisherpez"]
[Result "1/2-1/2"]
[WhiteElo "1758"]
[BlackElo "1665"]
[TimeControl "720+3"]
[EndTime "7:04:36 PDT"]
[Termination "Partita patta per ripetizione di mosse"]

1. e4 e6 2. d3 b6 3. Nf3 Bb7 4. g3 Nc6 5. Bg2 d6 6. O-O Be7 7. c3 h6 8. d4 Qd7 9. Re1 Nf6 10. Nbd2 Nh7 11. Nf1 O-O 12. h4 Rae8 13. N1h2 Bd8 14. Bh3 Qe7 15. Ng4 h5 16. Ne3 e5 17. Nf5 Qf6 18. Ng5 Nxg5 19. Bxg5 Qg6 20. Bxd8 Nxd8 21. Qd3 Ne6 22. b4 Nf4 23. Qf1 Bc8 24.
Bg2 Nxg2 25. Qxg2 Bxf5 26. exf5 Qxf5 27. dxe5 Rxe5 28. Rxe5 Qxe5 29. Qc6 Qe7 30. a4 Rd8 31. a5 Qd7 32. Qd5 g6 33. axb6 axb6 34. Ra7 Rc8 35. Ra8 Rxa8 36. Qxa8+ Kg7 37. Qd5 c6 38. Qd4+ Kg8 39.
Qxb6 d5 40. Qb8+ Kh7 41. Qe5 Qe6 42. Qxe6 fxe6 43. f4 Kg7 44. Kf2 Kf6 45. Ke3 Kf5 46. Kf3 Kf6 47. Ke3 Kf5 48. Kf3 Kf6 49. Ke3 1/2-1/2

[Event "Sabato rapido!"]
[Site "Chess.com"]
[Date "2020.05.02"]
[Round "3"]
[White "pedrak"]
[Black "Ollarov"]
[Result "0-1"]
[WhiteElo "1623"]
[BlackElo "1990"]
[TimeControl "720+3"]
[EndTime "7:04:40 PDT"]
[Termination "Ollarov ha vinto per scaccomatto"]

1. Nf3 Nf6 2. g3 g6 3. Bg2 Bg7 4. O-O O-O 5. d3 d6 6. e4 e5 7. c3 Nc6 8. h3 Be6 9. Be3 b5 10.
Qc1 Nh5 11. Bh6 f5 12. Bxg7 Kxg7 13. Nbd2 Qd7 14. Kh2 h6 15. Ng1 f4 16. g4 Nf6 17.
f3 Nh7 18. Ne2 a5 19. d4 Bg8 20. b3 Rfc8 21. Qb2 Qf7 22. c4 Nb4 23. a3 Nc6 24. cxb5 Nxd4 25. Nxd4 exd4 26. Qxd4+ Qf6 27. Qxf6+ Nxf6 28. Rac1 Nd7 29. Rc3 Rab8 30. a4 Nc5 31. Rfc1 Kf6 32.
Bf1 c6 33. bxc6 Rxc6 34. Bb5 Rc7 35. Nc4 Bxc4 36. Bxc4 Nd7 37. Bd5 Rxc3 38. Rxc3 Ne5 39. Kg2 Kg5 40. Rc7 Rb4 41. Ra7 Rd4 42. Ra6 Rd2+ 43.
Kf1 Kh4 44. Rxd6 Kg3 45. Ke1 Nxf3+ 46. Kf1 Rf2# 0-1

[Event "Sabato rapido!"]
[Site "Chess.com"]
[Date "2020.05.02"]
[Round "3"]
[White "sirmale49"]
[Black "caramante"]
[Result "0-1"]
[WhiteElo "1384"]
[BlackElo "1520"]
[TimeControl "720+3"]
[EndTime "7:06:01 PDT"]
[Termination "caramante ha vinto per abbandono"]

1. e4 c5 2. f4 d6 3. Nf3 Nf6 4. Nc3 a6 5. d3 Bg4 6. h3 Bxf3 7. Qxf3 Nc6 8. Be3 e6 9. Be2 Be7 10. O-O O-O 11. Rad1 Nd4 12. Bxd4 cxd4 13. Nb1 Qb6 14.
b3 Rac8 15. Na3 Qb4 16. Nc4 b5 17. a3 Qc5 18. b4 Qc7 19. e5 Nd5 20. exd6 Bxd6 21.
Nxd6 Qxd6 22. Rc1 Ne3 23. Rfe1 Nxc2 24. Qb7 Rc7 25. Qe4 Nxe1 26. Rxe1 Rfc8 27. Kf2 Rc2 28. Kg3 g5 29. Rf1 f5 30. Qb7 R8c7 31. Qb8+ Kg7 32.
Bh5 Rxg2+ 0-1

[Event "Sabato rapido!"]
[Site "Chess.com"]
[Date "2020.05.02"]
[Round "3"]
[White "sergiodone"]
[Black "donaldnecesito"]
[Result "0-1"]
[WhiteElo "1482"]
[BlackElo "1625"]
[TimeControl "720+3"]
[EndTime "7:16:09 PDT"]
[Termination "donaldnecesito ha vinto per tempo"]

1. e4 c5 2. Nf3 d6 3. c3 Nf6 4.
Qc2 g6 5. d4 cxd4 6. cxd4 Bg7 7. Nc3 a6 8. a3 O-O 9. Bd3 Bg4 10. Be2 Nc6 11. Be3 Rc8 12. Qd2 b5 13. O-O b4 14.
axb4 Nxb4 15. Rfc1 e6 16. Bg5 Qd7 17. Qe3 Rc6 18.
Bxf6 Bxf6 19. e5 Bg7 20. Qf4 Bf5 21. Ne4 Bxe4 22. Qxe4 d5 23. Qe3 Nc2 24. Qb3 Nxa1 25. Rxa1 Rfc8 26. h3 Rc1+ 27. Rxc1 Rxc1+ 28. Kh2 Rc6 29. Qa4 Qb7 30. b4 f6 31. b5 axb5 32. Bxb5 Rb6 33. Bf1 fxe5 34. Qe8+ Bf8 35. Nxe5 Qe7 36. Qa4 Rb4 37. Qa1 Qh4 38. Ng4 h5 39. g3 Qg5 40.
f4 Qd8 41. Ne5 Qb6 42. Nf3 Rb2+ 43. Bg2 Qb3 44. Qe1 Qxf3 45. Qxe6+ Kh7 0-1

[Event "Sabato rapido!"]
[Site "Chess.com"]
[Date "2020.05.02"]
[Round "3"]
[White "bellapero"]
[Black "moha1812med"]
[Result "1-0"]
[WhiteElo "1338"]
[BlackElo "997"]
[TimeControl "720+3"]
[EndTime "7:16:45 PDT"]
[Termination "bellapero ha vinto per abbandono"]

1. e4 e5 2. Nf3 Nc6 3. Nc3 Nf6 4. d4 Bd6 5. d5 Nb4 6. Be2 O-O 7. O-O h6 8. a3 Na6 9. Be3 Bc5 10. Bxc5 Nxc5 11. Bd3 d6 12. Nh4 Bg4 13. f3 Bh5 14. Nf5 Nxd3 15. cxd3 c6 16. Qe1 Qb6+ 17. Rf2 cxd5 18.
Nxd5 Nxd5 19. exd5 Qd8 20. Qb4 g6 21. Nxd6 a5 22.
Qc5 b6 23. Qc6 Rc8 24. Nxc8 Qxc8 25. g4 Qxc6 26. dxc6 Rc8 27. Rc1 Bxg4 28. fxg4 Kf8 29. Re2 f6 30. Rf2 Ke7 31. Re2 Kd6 32. Rec2 f5 33.
c7 fxg4 34. Rc6+ Kd7 35. Rxg6 h5 36. Rg7+ Kd6 37. Rg6+ Kd7 38. Rxb6 h4 39. Rb8 Rxc7 40. Rxc7+ Kxc7 41. Rb5 Kd6 42. Rxa5 Ke6 43. Kf2 Kf5 44. d4 Kf4 45. Rxe5 g3+ 46. hxg3+ hxg3+ 47. Kg1 Kf3 48. Rg5 Kf4 49. Rg8 Kf3 50. d5 Ke4 51. Rxg3 Kxd5 52.
Rg4 Ke5 53. Kf2 Kf5 54. Ra4 Ke5 55. Ke3 Kd5 56. Kd3 Ke5 57. Rb4 Kf5 58. Ke3 Ke5 59.
Rb5+ Kf6 60. Ke4 Kg6 61. Kf4 Kh6 62. Kg4 Kg6 63. Rb6+ Kf7 64. Kg5 Ke7 65. Kf5 Kd7 66. Ke5 Kc7 67. Rh6 Kd7 68. Rg6 Kc7 69. Kd5 Kb7 70.
Kc5 Ka7 71. Kb5 Kb7 72. Rg7+ Kc8 73. Kb6 Kd8 74. Kc6 Ke8 75. Kd6 Kf8 76. Ra7 Kg8 77.
Ke6 Kh8 78. Kf6 Kg8 79. Rb7 Kh8 80. Kg6 1-0

[Event "Sabato rapido!"]
[Site "Chess.com"]
[Date "2020.05.02"]
[Round "4"]
[White "crippo"]
[Black "pedrak"]
[Result "0-1"]
[WhiteElo "1484"]
[BlackElo "1636"]
[TimeControl "720+3"]
[EndTime "7:28:35 PDT"]
[Termination "pedrak ha vinto per abbandono"]

1. e4 d6 2. d4 Nf6 3. Nc3 g6 4. Nf3 Bg7 5. Bg5 h6 6. Bh4 O-O 7. Bc4 c6 8. Bb3 b5 9. a3 a5 10. O-O Ba6 11. Re1 Qc7 12. Bg3 Nh5 13. Nh4 Nxg3 14.
hxg3 e6 15. Nf3 Nd7 16. Ne2 Rfd8 17. Nf4 c5 18. dxc5 dxc5 19. Bxe6 Bxb2 20. Ba2 Bxa1 21. Qxa1 c4 22. e5 Nc5 23. e6 Nxe6 24. Nxe6 fxe6 25. Rxe6 Qf7 26. Qe1 Re8 27. Nd4 Rxe6 28. Qxe6 Qxe6 29. Nxe6 Ra7 30. Nc5 Bb7 31. a4 Bd5 32. axb5 Rc7 33.
Na6 Rb7 34. c3 Rxb5 35. Nc7 Rb2 36. Nxd5 Rxa2 37. Nb6 Ra1+ 38. Kh2 Rc1 39. Nxc4 a4 40. Ne5 Rxc3 0-1

[Event "Sabato rapido!"]
[Site "Chess.com"]
[Date "2020.05.02"]
[Round "4"]
[White "moha1812med"]
[Black "Mrtre7"]
[Result "0-1"]
[WhiteElo "987"]
[BlackElo "1422"]
[TimeControl "720+3"]
[EndTime "7:31:14 PDT"]
[Termination "Mrtre7 ha vinto per abbandono"]

1. d3 d5 2. d4 c5 3. e3 Nc6 4. dxc5 e5 5. e4 d4 6. Nf3 Bxc5 7. Bb5 Bg4 8. h3 Bh5 9. O-O Nf6 10. g4 Bxg4 11.
hxg4 Nxg4 12. Bg5 f6 13. Bh4 g5 14. Bg3 h5 15. Nfd2 Qd7 16. f3 Ne3 17. Qe2 Nxf1 18. Qxf1 d3+ 19. Bf2 Bxf2+ 20. Qxf2 dxc2 21. Nc3 O-O-O 22. Rc1 Qxd2 23. Rxc2 Qxf2+ 24. Rxf2 Nd4 25. Bc4 h4 26. Be6+ Nxe6 0-1

[Event "Sabato rapido!"]
[Site "Chess.com"]
[Date "2020.05.02"]
[Round "4"]
[White "Ollarov"]
[Black "laremaro"]
[Result "1-0"]
[WhiteElo "2007"]
[BlackElo "1739"]
[TimeControl "720+3"]
[EndTime "7:32:10 PDT"]
[Termination "Ollarov ha vinto per abbandono"]

1. e4 d5 2. exd5 Qxd5 3. Nc3 Qd6 4. d4 Nf6 5. Nf3 Bg4 6. Bb5+ c6 7. Be2 e6 8. Be3 Be7 9. Qd2 Qc7 10. h3 Bh5 11. O-O-O O-O 12. g4 Bg6 13. Ne5 Nbd7 14. h4 Be4 15.
Nxe4 Nxe4 16. Qd3 Nef6 17. g5 Nd5 18. Bd2 Nxe5 19. dxe5 Qxe5 20. Rde1 Nf4 21. Qf3 Nxe2+ 22. Rxe2 Qd5 23. Qh3 Qxa2 24. c3 Qa1+ 25. Kc2 Qa4+ 26. Kb1 Qb3 27. Bc1 Rfd8 28. Ree1 Rd7 29. g6 f5 30. gxh7+ Kh8 31. Qe3 Rd6 32. h5 Bf6 33. Qg3 Rad8 34. h6 Rd3 35. hxg7+ Bxg7 36. Qg5 Bxc3 37.
Reg1 1-0

[Event "Sabato rapido!"]
[Site "Chess.com"]
[Date "2020.05.02"]
[Round "4"]
[White "fisherpez"]
[Black "donaldnecesito"]
[Result "1/2-1/2"]
[WhiteElo "1654"]
[BlackElo "1627"]
[TimeControl "720+3"]
[EndTime "7:34:39 PDT"]
[Termination "Partita patta per ripetizione di mosse"]

1. e3 d5 2. b3 e5 3. Bb2 Nc6 4. Bb5 Bd6 5. Nf3 Qe7 6. Bxc6+ bxc6 7. d3 Bg4 8. h3 Bh5 9. g4 Bg6 10. Qe2 Nf6 11. Nc3 O-O 12. Nd2 Rfe8 13. e4 d4 14. Na4 Bb4 15. O-O h5 16. f3 Nh7 17. Nc4 Qh4 18.
Qg2 Ng5 19. Kh2 Ne6 20. Bc1 Nf4 21. Bxf4 exf4 22. Rg1 f6 23. gxh5 Qxh5 24. Qxg6 Qxg6 25. Rxg6 Kf7 26. Rag1 Rg8 27. R6g4 g5 28. h4 Rh8 29. Kh3 Rh5 30. Kg2 Rah8 31. Rh1 gxh4 32. Kh3 Rg5 33.
Rxf4 Rg3+ 34. Kh2 Rhg8 35. Rf1 Be7 36. Ne5+ Ke6 37. Ng4 Bd6 38. Rxf6+ Ke7 39. Kh1 Rh3+ 40. Kg2 Rh2+ 41. Kg1 h3 42. e5 Bxe5 43. Rxc6 Rg2+ 44.
Kh1 Bd6 45. Nc5 R8xg4 46. fxg4 Rh2+ 47. Kg1 Rg2+ 48. Kh1 Rh2+ 49. Kg1 Rg2+ 50. Kh1 1/2-1/2

[Event "Sabato rapido!"]
[Site "Chess.com"]
[Date "2020.05.02"]
[Round "4"]
[White "fausto2p"]
[Black "bellapero"]
[Result "1/2-1/2"]
[WhiteElo "1018"]
[BlackElo "1311"]
[TimeControl "720+3"]
[EndTime "7:41:26 PDT"]
[Termination "Partita patta per ripetizione di mosse"]

1. d4 d5 2. c4 e6 3. Nf3 Nc6 4. Nc3 Nf6 5. Bg5 g6 6. e4 h6 7.
Bxf6 Qxf6 8. e5 Qe7 9. cxd5 exd5 10. Nxd5 Qe6 11. Nxc7+ Kd7 12. Nxe6 fxe6 13. Bb5 a6 14. Bxc6+ bxc6 15. O-O Rb8 16. b3 Rg8 17. Rc1 Bb7 18.
Rc4 a5 19. Rc3 Bb4 20. Rc2 Rbf8 21. h3 h5 22. h4 Be7 23. Qe1 Ra8 24. Qe3 Bb4 25.
Ng5 Rab8 26. Qh3 Rge8 27. Rd2 Bxd2 28. Qf3 c5 29. Qf7+ Re7 30. Qxg6 cxd4 31. Rd1 Bc3 32. Nf3 Bxf3 33. gxf3 Rf8 34. Rd3 Rf5 35. Kf1 Rxe5 36. Rd1 Rf5 37. Qg3 Ref7 38. Rd3 Rf4 39. Qg6 R4f5 40.
Qg3 Rf4 41. Qg6 R4f5 42. Qg3 1/2-1/2

[Event "Sabato rapido!"]
[Site "Chess.com"]
[Date "2020.05.02"]
[Round "4"]
[White "caramante"]
[Black "sergiodone"]
[Result "1/2-1/2"]
[WhiteElo "1517"]
[BlackElo "1483"]
[TimeControl "720+3"]
[EndTime "7:42:39 PDT"]
[Termination "Partita patta per stallo"]

1. Nf3 c5 2. c4 Nc6 3. Nc3 Nf6 4.
d3 d6 5. e3 g6 6. Bd2 Bg7 7. a3 a6 8. Rb1 d5 9. cxd5 Nxd5 10.
Be2 O-O 11. O-O Nf6 12. Qc2 e6 13. Rfd1 b6 14. Na4 Bb7 15. Qb3 Rb8 16. Qxb6 Qxb6 17. Nxb6 a5 18. Bc3 Ba6 19. Bxf6 Rxb6 20. Bxg7 Kxg7 21.
Rdc1 Ne7 22. h3 Rc8 23. Ne5 Rb3 24. Rc3 Rcb8 25. Rxb3 Rxb3 26. Bd1 Rb7 27. Nc4 Bxc4 28. dxc4 Nc6 29. Ba4 Ne5 30. Bb5 Rc7 31. Rd1 g5 32. f3 Kf6 33. Kf2 h5 34. g3 h4 35. gxh4 gxh4 36. f4 Ng6 37. Kf3 Ne7 38. e4 Nc6 39. Bxc6 Rxc6 40. Kg4 Kg6 41. Kxh4 a4 42. Kg4 Rb6 43. Rd2 f5+ 44. exf5+ exf5+ 45. Kh4 Kf6 46. Rd5 Rxb2 47. Rxc5 Rb3 48. Rc6+ Kf7 49. c5 Rxa3 50. Rc7+ Kf6 51. c6 Rc3 52. Ra7 a3 53. c7 a2 54. Ra6+ Kf7 55. Kg5 a1=Q 56. Rxa1 Rxc7 57. Kxf5 Rc5+ 58. Kg4 Kg6 59. h4 Rb5 60. Ra6+ Kh7 61. f5 Kg7 62. Kg5 Rb1 63. Ra7+ Kg8 64. h5 Rb2 65. f6 Rg2+ 66. Kf5 Rf2+ 67. Kg6 Rg2+ 68. Kh6 Rg4 69. Rg7+ Kh8 70. f7 Rg6+ 71. hxg6 1/2-1/2